 Dungeon Crawl Stone Soup version 0.28.0-43-g3370ac3207 (webtiles) character file.

Game seed: 4841799069129573294

602 Faeu the Covered (level 7, -6/56 (62) HPs)
             Began as a Minotaur Fighter on Mar 18, 2022.
             Was a Follower of Dithmenos.
             Mangled by a wight
             ... wielding a +4 great sword
              (8 damage)
             ... on level 6 of the Dungeon.
             The game lasted 00:25:48 (4210 turns).

Faeu the Covered (Minotaur Fighter)                 Turns: 4210, Time: 00:25:49

HP:   -6/56 (62)    AC: 10    Str: 23    XL:     7   Next: 18%
MP:   6/6           EV:  9    Int:  5    God:    Dithmenos [*.....]
Gold: 191           SH: 10    Dex:  9    Spells: 6/6 levels left

rFire   . . .      SeeInvis .   a - +1 long sword {long}
rCold   . . .      Faith    .   c - +0 buckler
rNeg    . . .      Spirit   .   b - +0 scale mail
rPois   .          Reflect  +   (helmet restricted)
rElec   .          Harm     .   n - +0 cloak
rCorr   .          Rampage  .   u - +0 pair of gloves
Will    .....      Rnd*Tele +   (no boots)
Stlth   ..........              v - amulet of reflection
HPRegen 0.18/turn               (no ring)
MPRegen 0.10/turn               (no ring)

@: wreathed by umbra, drained
A: horns 2, retaliatory headbutt, teleportitis 1
a: Renounce Religion


You were on level 6 of the Dungeon.
You worshipped Dithmenos.
Dithmenos was aware of your devotion.
You visited 1 branch of the dungeon, and saw 7 of its levels.

You collected 191 gold pieces.


Innate Abilities, Weirdness & Mutations

You have a pair of horns on your head.
You reflexively headbutt those who attack you in melee.
You are occasionally teleported next to monsters.


   Skills:
 + Level 5.9 Fighting
 + Level 5.1 Long Blades
 + Level 5.9 Armour
 + Level 5.8 Shields


You had 6 spell levels left.
You didn't know any spells.
Your spell library contained the following spells:

 Spells                   Type           Power      Damage    Failure   Level
 Beastly Appendage        Tmut           0%         N/A       85%         1
 Sandblast                Erth           0%         2d4       85%         1
 Passwall                 Tmut/Erth      0%         N/A       94%         2
 Wereblood                Tmut           0%         N/A       94%         2
 Dazzling Flash           Conj/Hex       0%         N/A       99%         3
 Spider Form              Tmut/Pois      0%         N/A       99%         3
 Stone Arrow              Conj/Erth      0%         3d7       99%         3
 Iskenderun's Mystic Bla  Conj/Tloc      0%         2d3       100%        4
 Starburst                Conj/Fire      0%         6d3       100%        6

Inventory:

Hand Weapons
 a - a +1 long sword (weapon) {long}
Missiles
 f - 71 sling bullets
 g - 96 arrows
 h - 126 stones (quivered) {throwing}
 m - 52 bolts
 q - a throwing net {=f!fthrowing}
Armour
 b - a +0 scale mail (worn)
 c - a +0 buckler (worn)
 d - a scarf of invisibility
   (You found it on level 5 of the Dungeon)
 n - a +0 cloak (worn)
   (You found it on level 2 of the Dungeon)
 u - a +0 pair of gloves (worn)
   (You found it on level 5 of the Dungeon)
Magical Staves
 j - a staff of conjuration {!a@e2staff}
   (You found it on level 1 of the Dungeon)
 l - a staff of death {!astaff}
   (You found it on level 1 of the Dungeon)
Jewellery
 r - a ring of ice
   (You found it on level 6 of the Dungeon)
 v - an amulet of reflection (around neck)
   (You found it on level 6 of the Dungeon)
Wands
 s - a wand of mindburst (10)
   (You found it on level 6 of the Dungeon)
Scrolls
 i - 6 scrolls of identify {unknown}
 k - 2 scrolls of magic mapping {unknown}
 o - a scroll of brand weapon {unknown}
 p - a scroll of vulnerability {unknown}
Potions
 t - a potion of berserk rage {unknown}

Dungeon Overview and Level Annotations

Branches:
Dungeon (7/15)             Temple (0/1) D:4

Altars:
Ashenzari
Cheibriados
Dithmenos
Elyvilon
Fedhas
Kikubaaqudgha
Nemelex Xobeh
Okawaru
Xom
The Shining One

Portals:
Abyss: D:5

Annotations:
D:5 2 transporters, Ablot's ghost, novice GnWr

# ###.### ##.# #?.
#.....# ####...
#..##[#.#.####......
..............##...
#.##.#.#.########.#
.####.##.....# #.#
#.......###.### #.#
#...#.#S)...# #.#
#...z@##### #.#
#...##### #.# #.


You could see a water moccasin and a wight.


Message History

You block the wight's attack. 😕 HP[-1]
You take 1 damage, and now have 53/62 hp.
You closely miss the water moccasin.
You headbutt the water moccasin, but do no damage.
The water moccasin bites you but does no damage.
The wight hits you with a +4 great sword!
The water moccasin closely misses you. 😮 HP[-12]
You take 12 damage, and now have 41/62 hp.
You slash the water moccasin! You block the water moccasin's attack.
You block the wight's attack. 😮 HP[+1]
You miss the water moccasin.
Your headbutt misses the water moccasin.
The water moccasin completely misses you.
You furiously retaliate!
You headbutt the water moccasin! You block the wight's attack.
The water moccasin barely misses you.
You closely miss the water moccasin.
The wight hits you with a +4 great sword.
You feel drained.
The water moccasin bites you but does no damage. 😮 HP[-4]
You now have 60 max hp (-2).
You take 4 damage, and now have 38/60 hp.
You closely miss the water moccasin.
Your headbutt misses the water moccasin.
You block the water moccasin's attack. The wight closely misses you.
You furiously retaliate!
You headbutt the wight, but do no damage.
The water moccasin bites you but does no damage.
You miss the water moccasin.
Your headbutt misses the water moccasin.
The water moccasin bites you.
You are poisoned.
The water moccasin poisons you! The wight barely misses you.
You block the water moccasin's attack. The wight barely misses you. 😮 HP[-4]
You take 4 damage, and now have 34/60 hp.
You closely miss the water moccasin.
You feel very sick. You block the water moccasin's attack.
The wight closely misses you. 😮 HP[-2]
You take 2 damage, and now have 32/60 hp.
You barely miss the water moccasin.
Your headbutt misses the water moccasin.
You feel sick. You block the water moccasin's attack.
The water moccasin barely misses you. You block the wight's attack. 😨 HP[-2]
You take 2 damage, and now have 30/60 hp.
You completely miss the water moccasin.
You feel sick. The water moccasin barely misses you.
The wight hits you with a +4 great sword.
* * * LOW HITPOINT WARNING * * *
You feel drained.
You block the water moccasin's attack. 😨 HP[-3]
You now have 59 max hp (-1).
You take 3 damage, and now have 27/59 hp.
You closely miss the water moccasin.
You feel sick.
The wight hits you with a +4 great sword.
* * * LOW HITPOINT WARNING * * *
You feel drained.
* * * LOW HITPOINT WARNING * * *
The water moccasin bites you but does no damage.
The wight barely misses you. 😨 HP[-6]
You now have 58 max hp (-1).
You take 6 damage, and now have 21/58 hp.
You hit the wight.
You headbutt the wight, but do no damage.
You feel sick. You block the water moccasin's attack.
The water moccasin barely misses you. You block the wight's attack.
You hit the wight.
You feel sick. The water moccasin barely misses you.
The wight hits you with a +4 great sword.
* * * LOW HITPOINT WARNING * * *
The water moccasin bites you but does no damage. 😨 HP[-3]
You take 3 damage, and now have 18/58 hp.
You hit the wight.
You feel sick.
You are no longer poisoned.
You block the water moccasin's attack.
The wight hits you with a +4 great sword!
* * * LOW HITPOINT WARNING * * *
You feel drained.
* * * LOW HITPOINT WARNING * * *
😱 HP[-16]
You now have 56 max hp (-2).
You take 16 damage, and now have 2/56 hp.
MASSIVE DAMAGE!! (PAUSE) It was a potion of magic.
Magic courses through your body.
The water moccasin bites you but does no damage.
The wight barely misses you. You block the water moccasin's attack.
Aiming: Mindburst
Press: ? - help, Shift-Dir - straight line, f - water moccasin
Aim: a water moccasin (severely wounded, umbra, chance to affect: 64%)
The water moccasin struggles to resist.
The water moccasin closely misses you. You furiously retaliate!
You headbutt the water moccasin.
The wight hits you with a +4 great sword!
You die...

Skill      XL: |  1  2  3  4  5  6  7 |
---------------+----------------------+-----
Fighting       | 4 5 |  5.9
Armour         | 4 5 |  5.9
Shields        | 4 5 |  5.8
Long Blades    | 3 4 5 |  5.1

Action                   |  1- 3 |  4- 6 |  7- 9 || total
-------------------------+-------+-------+-------++-------
Melee: Long sword        |    89 |   141 |    26 ||   256
       Headbutt          |    11 |    21 |     3 ||    35
Throw: Stone             |     2 |     6 |     1 ||     9
Evoke: Wand              |       |       |     1 ||     1
  Use: Potion            |       |     3 |     1 ||     4
       Scroll            |       |     2 |       ||     2
Armor: Scale mail        |    40 |    79 |    13 ||   132
Dodge: Dodged            |    48 |    80 |    27 ||   155
Block: Buckler           |    20 |    43 |    19 ||    82

Levels and vault maps discovered:
D:1:      co_arrival_random_square_maze, layout_rooms,
          ebering_ecumenical_altar_mist
D:2:      layout_basic, hex_medium
D:3:      layout_basic, minitemple
D:4:      layout_gridville, minmay_temple_entry_large_hall, serial_bayou,
          serial_bayou_lake_a, serial_bayou_lagoon_a, serial_bayou_pond_d,
          serial_bayou_pond_b, serial_bayou_pond_a, serial_bayou_ford_a,
          uniq_grinder, uniq_duvessa
D:5:      layout_basic, gammafunk_ghost_abyssal_escape, grunt_decor_one_mirror,
          saegor_snake_ambush
D:6:      layout_loops_ring, serial_shops, shop
D:7:      layout_basic, lemuel_zombie_altar_yredelemnul, uniq_menkaure

Notes
Turn   | Place    | Note
-------+----------+-------------------------------------------
     0 | D:1      | Faeu the Minotaur Fighter began the quest for the Orb.
     0 | D:1      | Reached XP level 1. HP: 19/19 MP: 0/0
     0 | D:1      | magus.rc [v1.9.6]
   174 | D:1      | Reached XP level 2. HP: 27/27 MP: 1/1
   183 | D:1      | Found a faded altar of an unknown god.
   329 | D:1      | Reached skill level 4 in Fighting
   457 | D:1      | Reached skill level 4 in Armour
   478 | D:1      | You pick up a book of Changes and begin reading...
   478 | D:1      | You add the spells Beastly Appendage, Wereblood and Spider
                  | Form to your library.
   596 | D:1      | Reached skill level 4 in Shields
   623 | D:2      | Reached skill level 3 in Long Blades
   666 | D:2      | Reached XP level 3. HP: 33/33 MP: 2/2
   874 | D:2      | Reached XP level 4. HP: 33/41 MP: 3/3
  1101 | D:2      | You pick up a book of Geomancy and begin reading...
  1101 | D:2      | You add the spells Sandblast, Passwall and Stone Arrow to
                  | your library.
  1220 | D:3      | Found an ancient bone altar of Kikubaaqudgha.
  1223 | D:3      | Found a blossoming altar of Fedhas.
  1226 | D:3      | Found a broken altar of Ashenzari.
  1231 | D:3      | Found a glowing golden altar of the Shining One.
  1236 | D:3      | Found a shimmering altar of Xom.
  1236 | D:3      | Found a sparkling altar of Nemelex Xobeh.
  1236 | D:3      | Found a white marble altar of Elyvilon.
  1238 | D:3      | Found a shadowy altar of Dithmenos.
  1239 | D:3      | Found an iron altar of Okawaru.
  1242 | D:3      | Found a snail-covered altar of Cheibriados.
  1254 | D:3      | Became a worshipper of Dithmenos the Shadowed
  1862 | D:3      | You pick up a book of Spectacle and begin reading...
  1862 | D:3      | You add the spells Dazzling Flash, Iskenderun's Mystic
                  | Blast and Starburst to your library.
  2339 | D:4      | Reached XP level 5. HP: 44/47 MP: 4/4
  2341 | D:4      | Found a staircase to the Ecumenical Temple.
  2353 | D:4      | You fall into a shaft and drop 3 floors!
  2432 | D:7      | Reached * piety under Dithmenos
  2433 | D:7      | Reached skill level 4 in Long Blades
  2450 | D:7      | Reached skill level 5 in Fighting
  2450 | D:7      | Reached skill level 5 in Armour
  2532 | D:6      | Reached skill level 5 in Shields
  2532 | D:6      | Reached XP level 6. HP: 52/56 MP: 5/5
  2603 | D:6      | HP: 11/56 [gnoll/+0 flail (5)]
  2613 | D:6      | Gained mutation: You are occasionally teleported next to
                  | monsters. [potion of mutation]
  2869 | D:6      | HP: 14/56 [poisoned by a scorpion]
  3138 | D:5      | Entered Level 5 of the Dungeon
  3142 | D:5      | Noticed a small abomination
  3147 | D:5      | Found a one-way gate to the infinite horrors of the Abyss.
  3147 | D:5      | Noticed Ablot's ghost (novice GnWr)
  3197 | D:5      | Found a transporter.
  3198 | D:5      | Found a transporter.
  3198 | D:5      | Noticed a small abomination
  3294 | D:5      | Reached XP level 7. HP: 59/62 MP: 6/6
  3629 | D:5      | Reached skill level 5 in Long Blades
  4208 | D:6      | HP: 6/58 [wight/+4 great sword (11)]
  4208 | D:6      | HP: 2/56 [wight/+4 great sword (4)]
  4210 | D:6      | Mangled by a wight

Vanquished Creatures
  2 scorpions (D:6)
  A water moccasin skeleton (D:6)
  A wight (D:6)
  A centaur zombie (D:5)
  A bullfrog zombie (D:7)
  A hound (D:5)
  2 jellies
  A centaur skeleton (D:2)
  A gnoll shaman (D:6)
  4 gnolls (D:6)
  2 adders
  2 ufetubi
  3 worms
  3 dart slugs
  12 orcs
  5 bats
  3 endoplasms
  3 giant cockroaches
  5 hobgoblins
  7 jackals
  4 quokkas
  8 ball pythons
  3 frilled lizards (D:1)
  10 goblins
  7 kobolds
  3 rats
95 creatures vanquished.

Vanquished Creatures (others)
  4 plants (D:4)
4 creatures vanquished.

Grand Total: 99 creatures vanquished

Table legend:
 A = Non-vault XP
 B = Vault XP
 C = Vault XP percentage of total XP
 D = Non-vault monster count
 E = Vault monster count
 F = Vault count percentage of total count
                 A         B        C        D         E       F
            +---------+---------+-------+---------+---------+-------
      Total |     857 |       3 |   0.3 |      93 |       2 |   2.1
            +---------+---------+-------+---------+---------+-------
        D:1 |      32 |       0 |   0.0 |      23 |       0 |   0.0
        D:2 |      87 |       0 |   0.0 |      22 |       0 |   0.0
        D:3 |      64 |       0 |   0.0 |      21 |       0 |   0.0
        D:4 |      34 |       0 |   0.0 |       7 |       0 |   0.0
        D:5 |      93 |       3 |   3.1 |       3 |       2 |  40.0
        D:6 |     445 |       0 |   0.0 |      11 |       0 |   0.0
        D:7 |     102 |       0 |   0.0 |       6 |       0 |   0.0
            +---------+---------+-------+---------+---------+-------

Illustrated notes

Table legend:
 A = Kills in this place as a percentage of kills in entire the game.
 B = Kills by you in this place as a percentage of kills by you in the entire game.
 C = Kills by friends in this place as a percentage of kills by friends in the entire game.
 D = Other kills in this place as a percentage of other kills in the entire game.
 E = Experience gained in this place as a percentage of experience gained in the entire game.
 F = Experience gained in this place divided by the number of levels of this place that you have seen.
                   A       B       C       D       E      F
               +-------+-------+-------+-------+-------+----------------------
         Total | 100.0 | 100.0 |   N/A |   N/A | 100.0 | 122.9
       Dungeon | 100.0 | 100.0 |   N/A |   N/A | 100.0 | 122.9
               +-------+-------+-------+-------+-------+----------------------

Table legend: (Time is in decaauts)
 A = Elapsed time spent in this place.
 B = Non-inter-level travel time spent in this place.
 C = Inter-level travel time spent in this place.
 D = Time resting spent in this place.
 E = Time spent auto-exploring this place.
 F = Levels seen in this place.
 G = Mean time per level.
                   A        B        C        D        E       F      G
               +--------+--------+--------+--------+--------+-----+--------+
         Total |   4296 |   4284 |     12 |    892 |   1565 |   7 |  613.7 |
       Dungeon |   4296 |   4284 |     12 |    892 |   1565 |   7 |  613.7 |
               +--------+--------+--------+--------+--------+-----+--------+

Top non-repeatable levels by time:
     D:3: 1092 daAuts
     D:6: 897 daAuts
     D:5: 890 daAuts
     D:1: 621 daAuts
     D:2: 596 daAuts
     D:7: 106 daAuts
     D:4: 93 daAuts
